[Event "Early-Titled-Tuesday-Blitz-June-18-2024"]
[Site "Chess.com"]
[Date "2024.06.18"]
[Round "1"]
[White "Eliwood44"]
[Black "josmito10"]
[Result "1-0"]
[WhiteElo "2467"]
[BlackElo "2773"]
[TimeControl "180+1"]
[EndTime "8:09:04 PDT"]
[Termination "Eliwood44 won by resignation"]

1. d4 e6 2. c4 d5 3. Nc3 a5 4. cxd5 exd5 5. Bf4 c6 6. e3 Nf6 7.
Bd3 Bd6 8. Nf3 O-O 9. O-O Bg4 10. Qc2 Bxf3 11. gxf3 Bxf4 12. exf4 Nh5 13. Bxh7+ Kh8 14.
Qf5 Qh4 15. Kh1 g6 16. Bxg6 Ng7 17. Qe5 fxg6 18. Rg1 Qxf4 19. Rxg6 Qxe5 20. dxe5 Nd7 21. Rag1 Nf5 22. R6g5 Kh7 23. f4 Rg8 24. Rxf5 Rxg1+ 25. Kxg1 Kg6 26. Rg5+ Kf7 27. Ne2 c5 28. h4 d4 29. Ng3 c4 30. Ne4 a4 31. Nd6+ Ke6 32. Nxc4 b5 33. Nd2 b4 34. Kf1 a3 35. bxa3 Rxa3 36.
Rg6+ Kf5 37. Rd6 Rxa2 38. Rxd4 Nc5 39. Ke2 b3 40. Rb4 b2 41. Ke3 Ra3+ 42. Ke2 Nb3 43. Nb1 Nc1+ 44. Kd1 Rh3 45. Rxb2 Nd3 46. Rb6 Nxf4 47.
Nd2 Kxe5 48. Rb5+ Kd4 49. Rb4+ Kd3 50. Rb3+ Kd4 51. Rxh3 Nxh3 52. Ke2 Ke5 53. Kf3 Kf5 54. Kg3 Nf4 55. Nc4 Ne2+ 56. Kf3 Nd4+ 57. Ke3 Nc2+ 58. Kd2 Nd4 59. Ne3+ Kf4 60. Kd3 Nf3 61. h5 Kg5 62.
Ke4 Nd2+ 63. Ke5 Kxh5 64. f4 Nf3+ 65. Ke6 Nd4+ 66. Kd5 Ne2 67. f5 Kg5 68. Ke5 Nf4 69. f6 Ng6+ 70. Ke6 Nf8+ 71. Ke7 Ng6+ 72. Kf7 Ne5+ 73. Kg7 Nd7 74. f7 Nc5 75. Nd5 Ne6+ 76. Kg8 Kg6 77. Nc7 Nxc7 78. f8=Q Ne6 79. Qf7+ 1-0

[Event "Early-Titled-Tuesday-Blitz-June-18-2024"]
[Site "Chess.com"]
[Date "2024.06.18"]
[Round "1"]
[White "Szachulec75"]
[Black "TitarovVasiliYouTube"]
[Result "0-1"]
[WhiteElo "2204"]
[BlackElo "2589"]
[TimeControl "180+1"]
[EndTime "8:09:04 PDT"]
[Termination "TitarovVasiliYouTube won by resignation"]

1. Nf3 Nf6 2. g3 g6 3. Bg2 Bg7 4. d3 c5 5. O-O O-O 6. e4 Nc6 7.
Nc3 e5 8. Bg5 d6 9. Qd2 Be6 10.
Bh6 Qd7 11. Bxg7 Kxg7 12. Nd1 h6 13. c3 d5 14. Qc2 Rad8 15. Re1 Rfe8 16. Ne3 d4 17.
cxd4 cxd4 18. Nc4 Bxc4 19. Qxc4 Rc8 20. Qa4 Qd6 21. a3 Nd7 22. Bh3 Nb6 23. Qd1 Rc7 24. Rc1 Na5 25. Rxc7 Qxc7 26. b4 Nc6 27. Qb3 Qd6 28.
Rc1 Rf8 29. Nd2 h5 30. Nc4 Nxc4 31. Qxc4 a6 32. Qc5 Qf6 33. Rf1 Qf3 34. Qc2 h4 35. Qd1 Qf6 36. Bd7 Rh8 37. Qg4 Nb8 38. Ba4 b5 39.
Bb3 Nc6 40. f4 hxg3 41. hxg3 exf4 42. Rxf4 Ne5 43. Rxf6 Nxg4 44. Rxf7+ Kh6 45. Rf4 Kg5 46. Bd5 Rh3 47. Rf3 Ne5 48. Kg2 Rh8 49. Rf2 Rc8 50. Bb7 Rc3 51. Bxa6 Rxa3 52. Bxb5 Rb3 53. Ba6 Rxb4 54.
Rd2 Rb3 55. Kf2 Ra3 56. Bb5 Kg4 57. Kg2 Kg5 58. Kf2 Rb3 59. Ba4 Rb4 60. Bd1 Ng4+ 61.
Kg2 Ne3+ 62. Kf2 Rb8 63. Bf3 Rf8 64. Rb2 Rh8 65. Rb5+ Kf6 66. Kg1 Rh3 67. g4 Rxf3 68. Rb6+ Kg5 69. Rb5+ Kxg4 0-1

[Event "Early-Titled-Tuesday-Blitz-June-18-2024"]
[Site "Chess.com"]
[Date "2024.06.18"]
[Round "1"]
[White "Louis-Paulsen-Fan"]
[Black "Rurep26"]
[Result "0-1"]
[WhiteElo "2418"]
[BlackElo "2742"]
[TimeControl "180+1"]
[EndTime "8:09:07 PDT"]
[Termination "Rurep26 won on time"]

1. d4 e6 2. Nf3 Nf6 3. c4 b6 4. Nc3 Bb4 5. Bg5 Bb7 6. Qc2 h6 7. Bh4 g5 8. Bg3 Ne4 9. Be5 f6 10. d5 exd5 11. cxd5 Bxd5 12. O-O-O Nxc3 13. Bxc3 Bxc3 14. Rxd5 Bb4 15. Qg6+ Kf8 16. Rf5 Be7 17. Ne5 Qe8 18.
Rxf6+ Bxf6 19. Qxf6+ Kg8 20. e4 d5 21. Bb5 c6 22. Nxc6 Nxc6 23. Bxc6 Rc8 24. exd5 Qf7 25.
Qd4 Qf4+ 26. Qxf4 gxf4 27. Re1 Rh7 28. Re6 Rg7 29. g3 fxg3 30. fxg3 Kh7 31. b4 Rf7 32. b5 Rcf8 33. d6 Rf1+ 34. Kd2 R8f2+ 35. Ke3 Re1+ 36.
Kxf2 Rxe6 37. d7 Rd6 38. Ke3 Kg7 39. Ke4 Kf6 40. g4 Ke7 41. Ke5 Rd2 42. h4 Rxa2 43. g5 hxg5 44. hxg5 a5 45. bxa6 Rxa6 46. Kd4 Ra1 47.
Kc4 Rg1 48. Kb5 Rb1+ 49. Ka6 Kd8 50. g6 Rg1 51. Kxb6 Rxg6 52. Kb5 Kc7 53. d8=Q+ Kxd8 54. Kc5 Kc7 55. Bd5 Rg5 56. Kd4 Kd6 57. Be4 Rg4 58. Ke3 Ke5 59. Bh7 Rg3+ 60. Kf2 Kf4 61. Bc2 Ra3 62.
Bh7 Ra2+ 63. Ke1 Ke3 64. Kd1 Rh2 65. Bg6 Rd2+ 66. Kc1 Rf2 67. Bh7 Kd4 68. Bg6 Kc3 69.
Kd1 Rg2 70. Bh7 Kd4 71. Bf5 Ke3 72. Bh7 Rg5 73. Kc1 Rc5+ 74. Kb2 Kd2 75. Kb3 Rc3+ 76.
Kb4 Rc7 77. Bg6 Ke3 78. Bf5 Kd4 79. Kb5 Kd5 80. Kb4 Rb7+ 81. Kc3 Rf7 82. Bg6 Rf6 83. Bh7 Rf3+ 84. Kd2 Rg3 85. Bf5 Kd4 86. Bh7 Ke5 87. Ke1 Kf4 88. Kf2 Rh3 89. Bb1 Rh2+ 90. Ke1 Rh1+ 91.
Kd2 Rxb1 0-1

[Event "Early-Titled-Tuesday-Blitz-June-18-2024"]
[Site "Chess.com"]
[Date "2024.06.18"]
[Round "1"]
[White "FGHSMN"]
[Black "CrimeFightingSpider07"]
[Result "1/2-1/2"]
[WhiteElo "2911"]
[BlackElo "2515"]
[TimeControl "180+1"]
[EndTime "8:09:15 PDT"]
[Termination "Game drawn - insufficient material"]

1. e4 e5 2. Nf3 Nf6 3. Nc3 Nc6 4. Bb5 Nd4 5. O-O Nxb5 6. Nxb5 d6 7. Re1 a6 8. Nc3 Be7 9. d4 exd4 10. Nxd4 O-O 11.
Qf3 Re8 12. Bg5 c6 13. Rad1 Bg4 14. Qd3 Bxd1 15. Qxd1 g6 16. Qf3 Nd7 17. Be3 Bg5 18. Qg3 Bxe3 19. Rxe3 Qf6 20. Nf5 Ne5 21. f4 Nc4 22.
Rd3 d5 23. Nh6+ Kg7 24. e5 Qe6 25. Ng4 f5 26. Nf6 Rf8 27. b3 Nb6 28. h4 Nd7 29. Nxd7 Qxd7 30. h5 Qe6 31. Ne2 c5 32. Qf2 Rac8 33.
Rh3 Rh8 34. Qh4 Rce8 35. Rg3 d4 36. Kh2 Kf7 37. Ng1 Reg8 38. Nf3 h6 39. hxg6+ Rxg6 40. Qh5 Kg7 41. Nh4 Rxg3 42. Nxf5+ Kh7 43. Nxg3 Qg6 44. Qf3 Rg8 45. Qxb7+ Rg7 46. Qf3 Qxc2 47. f5 Qc3 48. Qf4 Qe3 49. Qxe3 dxe3 50. f6 Rf7 51. Kh3 Kg6 52. Kg4 Rd7 53. Kf4 Rd4+ 54. Kxe3 Rg4 55. Ne4 Rxg2 56. e6 Rg1 57. e7 Re1+ 58. Kf4 Kf7 59.
Nd6+ Kxf6 60. e8=Q Rxe8 61. Nxe8+ Ke7 62. Nc7 a5 63.
Ke5 Kd7 64. Nd5 Kc6 65. Nf4 c4 66. Kd4 cxb3 67. axb3 Kb5 68. Kc3 a4 69. b4 a3 70.
Nd3 a2 71. Kb2 h5 72. Kxa2 Kc4 73. Kb2 Kxd3 74. b5 h4 75. b6 h3 76. b7 h2 77.
b8=Q h1=Q 78. Qb5+ Ke3 79. Qc5+ Ke2 80. Qc4+ Kf2 81.
Qd4+ Kg2 82. Qe4+ Kh2 83. Qh4+ Kg1 84. Qxh1+ Kxh1 1/2-1/2

[Event "Early-Titled-Tuesday-Blitz-June-18-2024"]
[Site "Chess.com"]
[Date "2024.06.18"]
[Round "1"]
[White "bascheyaro"]
[Black "FlemingA"]
[Result "1/2-1/2"]
[WhiteElo "2800"]
[BlackElo "2470"]
[TimeControl "180+1"]
[EndTime "8:09:19 PDT"]
[Termination "Game drawn by repetition"]

1. d4 Nf6 2. c4 c5 3. Nf3 cxd4 4. Nxd4 Nc6 5. e3 g6 6. Nc3 Bg7 7. Be2 O-O 8. O-O d5 9. cxd5 Nxd5 10. Nxd5 Qxd5 11. Bf3 Qd7 12. Nxc6 bxc6 13. Qe2 a5 14.
Rd1 Qc7 15. Rb1 Ba6 16. Qc2 Rfd8 17. b3 Rxd1+ 18. Bxd1 Rd8 19. Be2 Bxe2 20. Qxe2 Qb6 21. Ba3 e6 22. Rd1 Rd5 23. e4 Rd4 24. Kf1 h5 25.
Bc1 a4 26. Be3 Rxd1+ 27. Qxd1 Qb5+ 28. Kg1 axb3 29. axb3 Qb4 30. Qb1 Bd4 31. Bf4 Qc3 32.
h4 Kf8 33. Qd1 Qa1 34. Qxa1 Bxa1 35. Kf1 Ke7 36. Ke2 e5 37. Bg5+ f6 38. Bd2 Bd4 39. Be1 Ke6 40. Kd3 f5 41. f3 Ba7 42. Kc4 Bb6 43.
Kb4 Bd8 44. Kc5 Kd7 45. Bg3 Be7+ 46. Kb6 Bd8+ 47. Kb7 Bf6 48. Bf2 Bd8 49. Be1 Bf6 50. Bg3 Bg7 51. Kb6 Bf6 52. Be1 Bd8+ 53. Kc5 Bf6 54. g3 Be7+ 55. Kb6 Bd8+ 56. Kb7 Bf6 57. Bc3 Bg7 58. Bb2 fxe4 59. fxe4 Bf6 60. Bc3 Bg7 61. Bd2 Bf6 62. Bg5 Bg7 63. Kb6 Bf8 64. Bf6 Bd6 65. Kb7 Bc7 66. Bg7 Bd6 67. Kb6 Bc7+ 68. Kc5 Bd6+ 69. Kc4 Ke6 70. b4 Kd7 71. Bf6 Ke6 72. Bg5 Kd7 73. Bd2 Ke6 74. Bc3 Kd7 75. Bb2 Ke6 76. b5 cxb5+ 77. Kxb5 Bc7 78. Kc6 Ba5 79. Bc1 Be1 80. Bg5 Bxg3 81. Kc5 Bf2+ 82. Kc4 Bg3 83. Kd3 Be1 84. Ke2 Bc3 85. Kf3 Bd4 86. Ke2 Ba1 87. Kf3 Bd4 88. Ke2 Ba1 89.
Kf3 Bd4 1/2-1/2

[Event "Early-Titled-Tuesday-Blitz-June-18-2024"]
[Site "Chess.com"]
[Date "2024.06.18"]
[Round "1"]
[White "bocah_sakit"]
[Black "Guldona_2007"]
[Result "1-0"]
[WhiteElo "2614"]
[BlackElo "2262"]
[TimeControl "180+1"]
[EndTime "8:09:19 PDT"]
[Termination "bocah_sakit won by resignation"]

1. e4 c5 2. Nf3 Nc6 3. Bb5 d6 4. O-O Bd7 5. Re1 e5 6. c3 Nf6 7.
d4 cxd4 8. cxd4 Qc7 9. Nc3 Be7 10. Nd5 Nxd5 11. exd5 Nxd4 12. Nxd4 exd4 13. Bxd7+ Qxd7 14. Bg5 f6 15. Bf4 O-O 16. Qxd4 Rfe8 17. Re6 a6 18.
Rae1 Bf8 19. Qb6 Red8 20. h4 Rac8 21. b3 Qc7 22. Qe3 Qc5 23. Qe4 Qc2 24. Qa4 Qc5 25. Qe4 Qc2 26. Qb4 b5 27. Qa5 Qc5 28. Rd1 Rd7 29. h5 b4 30. Qxa6 Ra7 31. Qe2 Qc2 32. Rd2 Qb1+ 33. Kh2 Qf5 34. g3 Rd7 35. Re8 Rxe8 36.
Qxe8 Re7 37. Qb5 Qxh5+ 38. Kg2 Re1 39. Qf1 Rxf1 40. Kxf1 Qh1+ 41. Ke2 Qe4+ 42. Be3 g5 43. Rd4 Qe5 44. Rxb4 f5 45. Rd4 f4 46. gxf4 gxf4 47. Rxf4 Qxd5 48. Rg4+ Kf7 49. Rd4 Qh5+ 50. Kd2 Bh6 51.
a4 Bxe3+ 52. Kxe3 Qe5+ 53. Kd3 Qc5 54. Rf4+ Kg6 55. Rd4 Qf5+ 56. Ke3 d5 57. a5 Qe5+ 58. Kd3 Qf5+ 59. Kc3 Qxf2 60. Rxd5 Qe3+ 61. Kc4 Qc1+ 62. Kb5 Qc3 63. b4 Qc7 64. a6 h5 65. Rc5 Qd7+ 66.
Kb6 h4 67. a7 Qd8+ 68. Kb7 Qd7+ 69. Ka6 Qd8 70. Rb5 Kh7 71. Rb7+ Kh6 72. Rb8 Qd6+ 73. Rb6 Qxb6+ 74. Kxb6 h3 75. a8=Q h2 76. Qh1 1-0

[Event "Early-Titled-Tuesday-Blitz-June-18-2024"]
[Site "Chess.com"]
[Date "2024.06.18"]
[Round "1"]
[White "Itay121"]
[Black "Zohid6"]
[Result "0-1"]
[WhiteElo "2534"]
[BlackElo "2994"]
[TimeControl "180+1"]
[EndTime "8:09:22 PDT"]
[Termination "Zohid6 won by checkmate"]

1. d4 e6 2. c4 d5 3. Nc3 c6 4. Nf3 Nf6 5. Bg5 h6 6. Bh4 Nbd7 7. e3 Be7 8. cxd5 Nxd5 9. Bxe7 Qxe7 10. Bd3 O-O 11. O-O Nxc3 12. bxc3 e5 13. e4 c5 14. d5 Nf6 15. Nd2 Ne8 16. a4 Nd6 17.
Nc4 f5 18. Nxd6 Qxd6 19. exf5 Bxf5 20. Bxf5 Rxf5 21. Rb1 b6 22. a5 Raf8 23. axb6 axb6 24. Qb3 R8f6 25. c4 Rf4 26. Rb2 Qf8 27. Re2 Qf7 28. Qc2 b5 29. cxb5 Qxd5 30. Rd1 Rd4 31. Rde1 Re6 32. Qf5 c4 33. h3 Rf4 34. Qh5 Qc5 35. g3 Rff6 36. Qg4 Qxb5 37. Rc1 Rc6 38. Rec2 Qb6 39. Qe2 Qd4 40. Rxc4 Rxc4 41. Rxc4 Rxf2 42. Rxd4 Rxe2 43. Rd7 Kf8 44. Kf1 Re4 45. Kf2 Ra4 46. Kf3 Ra3+ 47. Kg4 e4 48. Kf4 Rf3+ 49. Kxe4 Rxg3 50.
h4 Rg4+ 51. Kf5 Rxh4 52. Ke6 Kg8 53. Kf5 Kh7 54. Ra7 Rh5+ 55. Kg4 Rg5+ 56. Kh4 Rg6 57. Rb7 Rf6 58. Kh5 Rf5+ 59. Kg4 Rf1 60. Kh5 Rg1 61. Ra7 Rg5+ 62. Kh4 Rb5 63. Ra6 Rb4+ 64. Kg3 h5 65.
Kh3 g6 66. Rc6 Kh6 67. Ra6 Rf4 68. Kg3 Rc4 69. Kh3 Kg5 70. Ra5+ Kf4 71. Kh4 Kf3+ 72.
Kh3 Rc3 73. Kh4 Rc4+ 74. Kh3 Kf4 75. Kh4 Re4 76. Kh3 Re5 77. Ra6 Kg5 78. Rb6 h4 79. Ra6 Kh5 80. Kh2 g5 81. Ra4 g4 82.
Kg2 h3+ 83. Kg3 Re3+ 84. Kh2 Kh4 85. Ra8 g3+ 86. Kg1 Re1# 0-1

[Event "Early-Titled-Tuesday-Blitz-June-18-2024"]
[Site "Chess.com"]
[Date "2024.06.18"]
[Round "1"]
[White "EvgenyBurmakin"]
[Black "jguerramzllo"]
[Result "1-0"]
[WhiteElo "2383"]
[BlackElo "2665"]
[TimeControl "180+1"]
[EndTime "8:09:35 PDT"]
[Termination "EvgenyBurmakin won by checkmate"]

1. e4 e5 2. Nf3 Nc6 3. Bb5 a6 4. Ba4 Nf6 5. O-O Be7 6. Re1 b5 7. Bb3 d6 8. c3 O-O 9. h3 Nb8 10. d4 Nbd7 11. Nbd2 Bb7 12. a4 h6 13. Qe2 c6 14. Nf1 Re8 15. Ng3 Bf8 16. Qd3 Qc7 17. Be3 Rad8 18. Rad1 d5 19. dxe5 Nxe5 20. Nxe5 Qxe5 21.
exd5 Nxd5 22. Bc2 g6 23. Bd2 Qc7 24. Rxe8 Rxe8 25. h4 Nf4 26. Qf3 Bd6 27. Ne4 Be5 28. Bxf4 Bxf4 29. Nf6+ Kf8 30. Nxe8 Kxe8 31. g3 Be5 32.
Re1 Kf8 33. Bb3 Bd6 34. h5 Kg7 35. hxg6 Kxg6 36. Qg4+ Kf6 37. Bc2 Bc8 38. Qh5 Kg7 39. Re8 Qd7 40. Re3 Be7 41. Qf3 Bc5 42. Re1 a5 43.
Kg2 bxa4 44. Bxa4 Qh3+ 45. Kg1 Bg4 46. Qg2 Qh5 47. Bxc6 Qf5 48. Be4 Qf6 49. Rf1 Qe6 50. Bf3 Bh3 51. Qh2 Bxf1 52. Kxf1 a4 53. Qh4 Qa6+ 54. Kg2 Qb6 55. Qg4+ Kf8 56. Qxa4 Bxf2 57. Qb4+ Qxb4 58. cxb4 Bd4 59. b3 Ke7 60. b5 Kd6 61. Bh5 f6 62. Bf7 Kc5 63. Bc4 h5 64. Kf3 Be5 65.
Kg2 Kb6 66. Kh3 Kc5 67. Kh4 Bc7 68. Kxh5 Bxg3 69. Kg6 Be5 70. Kf5 Bd4 71. Ke4 Bg1 72.
Be2 Kd6 73. Kf5 Ke7 74. Bf3 Bb6 75. Bc6 Bc5 76. Be4 Bb6 77. Bd3 Bd8 78. Be4 Kd6 79.
Bf3 Kc5 80. Be2 Kb4 81. Bc4 Kc5 82. Ke6 Kd4 83. Kd7 Ba5 84. Kc6 f5 85. b6 Bxb6 86. Kxb6 f4 87. Ka5 Kc5 88. Bf1 f3 89. b4+ Kc6 90.
Ka6 Kc7 91. b5 Kb8 92. Kb6 Ka8 93. Kc7 Ka7 94. b6+ Ka8 95. b7+ Ka7 96. b8=Q# 1-0

[Event "Early-Titled-Tuesday-Blitz-June-18-2024"]
[Site "Chess.com"]
[Date "2024.06.18"]
[Round "1"]
[White "DmitriiZakurdaev"]
[Black "jens1102"]
[Result "1-0"]
[WhiteElo "2375"]
[BlackElo "2643"]
[TimeControl "180+1"]
[EndTime "8:09:51 PDT"]
[Termination "DmitriiZakurdaev won by checkmate"]

1. d4 Nf6 2. c4 b6 3. Nc3 Bb7 4. e3 e6 5. Nf3 Bb4 6. Be2 c5 7. a3 cxd4 8. axb4 dxc3 9. bxc3 O-O 10. O-O d5 11. Qb3 dxc4 12. Bxc4 Nbd7 13. Rd1 Qc7 14. Be2 Ng4 15. h3 Nge5 16. Nd4 Bd5 17. Qc2 Qb7 18. f3 Bc4 19. e4 Rac8 20. Nb5 Bxb5 21. Bxb5 Rc7 22.
Bf4 f6 23. Qb3 Re8 24. Bxd7 Rxd7 25. Bxe5 fxe5 26. Qa4 Red8 27. Rxd7 Rxd7 28. Qb5 Qc7 29. c4 Rd8 30. c5 bxc5 31. bxc5 Rb8 32. Qc4 Rb6 33. Rc1 Rc6 34. Qb5 a6 35. Qb4 Kf7 36. Kh2 Kf6 37. Qc3 g5 38. Qc4 Qd7 39.
Qc3 Qd4 40. Qa5 h5 41. Qa3 h4 42. Qa5 Qd3 43. Qc3 Qb5 44. Qc4 Qb2 45. Qc3 Qf2 46.
Qc4 Ke7 47. Kh1 Qd4 48. Qc3 Kd7 49. Qb3 Kc7 50. Rd1 Qxc5 51. Qd3 Kb6 52. Qd8+ Rc7 53. Qb8+ Kc6 54. Qd8 Qb5 55. Qe8+ Kb7 56. Rd8 Qxe8 57. Rxe8 a5 58. Rxe6 Rc6 59. Rxe5 Ra6 60. Rxg5 a4 61.
Rb5+ Kc6 62. Rb2 a3 63. Ra2 Kb5 64. Kh2 Kb4 65. g3 Kb3 66. Re2 a2 67. Re3+ Kb4 68. Re1 a1=Q 69. Rxa1 Rxa1 70. gxh4 Kc5 71. Kg3 Kd6 72.
Kf4 Ke7 73. Kf5 Ra3 74. Kg4 Rc3 75. f4 Kf6 76. h5 Rc1 77. e5+ Ke6 78. h6 Rg1+ 79. Kh5 Rg3 80. h4 Kf7 81. f5 Rf3 82. Kg4 Rf1 83. e6+ Kf6 84. h7 Kg7 85. e7 Re1 86. f6+ Kxh7 87. f7 Rxe7 88. f8=Q Rg7+ 89. Kh5 Rg8 90. Qf7+ Kh8 91. Qf6+ Kh7 92. Qh6# 1-0

[Event "Early-Titled-Tuesday-Blitz-June-18-2024"]
[Site "Chess.com"]
[Date "2024.06.18"]
[Round "1"]
[White "karinachess1"]
[Black "elis06"]
[Result "1/2-1/2"]
[WhiteElo "2650"]
[BlackElo "2359"]
[TimeControl "180+1"]
[EndTime "8:09:59 PDT"]
[Termination "Game drawn by repetition"]

1. d4 d5 2. c4 e6 3. Nc3 Nf6 4. cxd5 exd5 5. Bg5 c6 6. e3 Be7 7. Bd3 Nbd7 8. Nf3 O-O 9. Qc2 h6 10. Bh4 Re8 11. O-O Ne4 12. Bxe7 Qxe7 13. a3 Ndf6 14.
Na4 Bf5 15. b4 Rac8 16. Nc5 b6 17. Nb3 Nd7 18. Rac1 Bg4 19. Nfd2 Ndf6 20. Rce1 c5 21. bxc5 bxc5 22. Nxe4 dxe4 23. Ba6 cxd4 24. Bxc8 Rxc8 25. Qd2 d3 26. Rc1 Qxa3 27. Rxc8+ Bxc8 28. Nd4 Bd7 29. f3 a5 30. Rd1 exf3 31. gxf3 a4 32. Qxd3 Qc5 33.
Ra1 Qg5+ 34. Kh1 Bh3 35. Qd2 Bd7 36. Rg1 Qe5 37. Ra1 Qh5 38. Qf2 Qd5 39. Ra3 Qc5 40. Ra1 Qe5 41. Qd2 Nd5 42. Re1 Qf6 43. Qf2 a3 44. Ra1 Qe7 45. Qd2 g6 46. Nc2 Nf6 47.
Rxa3 Bc6 48. e4 Kg7 49. Re3 Qb7 50. Nd4 Qb1+ 51. Re1 Qb6 52. Kg2 Bd7 53. Qe3 Qc7 54. e5 Nd5 55. Qd2 Qc4 56. Kh1 Ne7 57. f4 Qd5+ 58.
Kg1 Nf5 59. Rd1 Qe4 60. Nxf5+ Bxf5 61. Qf2 Qc4 62. Re1 Be6 63. Qe2 Qc3 64. Qe3 Qc2 65.
Re2 Qf5 66. Kf2 Qg4 67. Qg3 Qf5 68. Rd2 h5 69. h4 Qe4 70. Qe3 Qf5 71. Qg3 Qe4 72.
Re2 Qf5 73. Qg5 Qd3 74. Qg3 Qd4+ 75. Qe3 Qc4 76. Qe4 Qc5+ 77. Qe3 Qc4 78. Rd2 Qb4 79. Qd4 Qb5 80. Qe3 Qc6 81. Rd6 Qh1 82.
Qg3 Qc1 83. Qe3 Qh1 84. Qg3 Qc1 85. Rxe6 fxe6 86. Qe3 Qc2+ 87. Qe2 Qc5+ 88. Kf3 Qc3+ 89. Qe3 Qc6+ 90. Qe4 Qc3+ 91. Qe3 Qc6+ 92. Kg3 Qh1 93. Qa7+ Kh6 94. Qf2 Qe4 95. Qf3 Qf5 96. Kh2 Kg7 97.
Qg3 Qc2+ 98. Kh3 Qf5+ 99. Kh2 Qc2+ 100. Qg2 Qf5 101. Qd2 Qg4 102. Qd7+ Kh6 103. Qd2 Qxh4+ 104. Kg2 Qg4+ 105. Kh2 Qf5 106. Qe3 Kg7 107. Qa7+ Kh6 108. Qe3 Kg7 109. Qa7+ Kh6 110. Qe3 1/2-1/2

[Event "Early-Titled-Tuesday-Blitz-June-18-2024"]
[Site "Chess.com"]
[Date "2024.06.18"]
[Round "1"]
[White "lluiss"]
[Black "dosto07"]
[Result "1/2-1/2"]
[WhiteElo "2268"]
[BlackElo "2606"]
[TimeControl "180+1"]
[EndTime "8:10:48 PDT"]
[Termination "Game drawn by 50-move rule"]

1. Nf3 d5 2. d4 Nf6 3. c4 dxc4 4. e3 e6 5. Bxc4 c5 6. b3 cxd4 7. Qxd4 Qxd4 8. Nxd4 a6 9. O-O Bd7 10. Bb2 Nc6 11. Be2 Nxd4 12. Bxd4 Bb5 13. Nc3 Bxe2 14. Nxe2 Ba3 15. Rfd1 Rc8 16. Nc3 Bb2 17. Rab1 Bxc3 18. Rbc1 Nd5 19. e4 Nf4 20. Kf1 O-O 21. Rxc3 Rfd8 22.
Rxc8 Rxc8 23. Be3 Ng6 24. Rc1 Rxc1+ 25. Bxc1 Kf8 26. Ke2 Ke7 27. f3 Kd6 28. Bb2 f6 29. g4 e5 30. Bc3 b6 31. Ke3 a5 32. Be1 Nf8 33. h4 Ne6 34. h5 h6 35. Bd2 Kc5 36. Kd3 Kc6 37. Be3 Nc7 38. Kc4 Nb5 39. a4 Nd6+ 40.
Kd3 Nb7 41. Kc4 Nd6+ 42. Kd3 Nf7 43. Kc4 Nd8 44. b4 axb4 45. Kxb4 Ne6 46. Kc4 Nc7 47. f4 exf4 48. Bxf4 Ne6 49. Be3 Nf8 50. Bf4 Nd7 51.
Be3 Ne5+ 52. Kd4 Nxg4 53. Bf4 Nf2 54. Bc1 Nh3 55. Ba3 Ng5 56. e5 Ne6+ 57. Ke4 fxe5 58.
Kxe5 Kd7 59. Bb4 Ng5 60. a5 bxa5 61. Bxa5 Ke8 62. Kf5 Kf7 63. Bc3 Nh7 64. Be5 Nf8 65. Bb2 Ne6 66. Ba1 Nc5 67. Bd4 Nb7 68. Bb2 Nd6+ 69.
Kg4 Ne8 70. Bc3 Nf6+ 71. Kh4 Ke6 72. Bb2 Kf5 73. Ba3 Nh7 74. Bb4 Nf6 75. Bf8 Ne8 76.
Be7 Ke6 77. Bf8 Kf7 78. Ba3 Nf6 79. Bb2 Ne4 80. Be5 Ng5 81. Bf4 Ne6 82. Bc1 Nf8 83.
Bb2 Nd7 84. Ba1 Nf6 85. Bb2 Ke6 86. Ba1 Kf5 87. Bb2 g5+ 88. hxg6 Kxg6 89. Bc1 h5 90. Bb2 Ne8 91. Bc1 Nd6 92. Bb2 Nf5+ 93. Kh3 Kg5 94.
Bc1+ Kg6 95. Bd2 Ng7 96. Bc1 Ne8 97. Bd2 Nf6 98. Bc1 Nd5 99. Bb2 Ne7 100. Bc1 Nd5 101. Bb2 Nb4 102. Bc3 Nd3 103. Bd2 Nf2+ 104. Kh4 Ne4 105. Be3 Nd6 106. Bc1 Nf5+ 107. Kh3 Kf6 108. Bd2 Ke6 109. Be1 Kd5 110. Bh4 Ke4 111. Bg5 Kf3 112. Bd8 Ke4 113. Bf6 Kf4 114. Bd8 Ke4 115. Bf6 Ke3 116. Bd8 Kf3 117. Bf6 Kf2 118. Bd8 Ke2 119. Bf6 Kd3 120. Bd8 Kc4 121. Bf6 Kd5 122. Bd8 Ke6 123. Bh4 Kf7 124. Bf2 Kg6 125. Be1 Kf7 126. Bh4 Kg6 127. Bd8 Nh6 128. Ba5 Nf7 129. Bd2 Ne5 130. Be1 Nf3 131. Bf2 Kf5 132. Bg3 Ke4 133. Bb8 Kf5 134. Bc7 Kg5 135. Bb8 Ng1+ 136. Kg3 Ne2+ 137. Kg2 Kg4 138. Bc7 Nd4 139. Bd8 Nf5 1/2-1/2

[Event "Early-Titled-Tuesday-Blitz-June-18-2024"]
[Site "Chess.com"]
[Date "2024.06.18"]
[Round "2"]
[White "KanalSzachowy"]
[Black "GlavkonVVS"]
[Result "0-1"]
[WhiteElo "2352"]
[BlackElo "2543"]
[TimeControl "180+1"]
[EndTime "8:12:54 PDT"]
[Termination "GlavkonVVS won by resignation"]

1. e4 Nf6 2. e5 Nd5 3. d4 d6 4. Bc4 Nb6 5. Bb3 a5 6. a4 dxe5 7.
Qh5 e6 8. dxe5 c5 9. c3 Qd3 10. Ne2 Nc6 11. Na3 g6 12. Qh4 Be7 13. Qxh7 Rxh7 0-1

[Event "Early-Titled-Tuesday-Blitz-June-18-2024"]
[Site "Chess.com"]
[Date "2024.06.18"]
[Round "2"]
[White "GAusal"]
[Black "Casper"]
[Result "1-0"]
[WhiteElo "2196"]
[BlackElo "2459"]
[TimeControl "180+1"]
[EndTime "8:13:16 PDT"]
[Termination "GAusal won by resignation"]

1. d4 d5 2. Nf3 Bg4 3. e3 e6 4. h3 Bh5 5. c4 Nf6 6. Nc3 a6 7. g4 Bg6 8. Ne5 Nbd7 9. f4 Nxe5 10. fxe5 Ne4 11. h4 h5 12. g5 Bb4 13. Qa4+ b5 14.
Qxb4 dxc4 15. Bg2 Ng3 16. Bc6+ 1-0

[Event "Early-Titled-Tuesday-Blitz-June-18-2024"]
[Site "Chess.com"]
[Date "2024.06.18"]
[Round "2"]
[White "maximnovik"]
[Black "reniite"]
[Result "1-0"]
[WhiteElo "2528"]
[BlackElo "2295"]
[TimeControl "180+1"]
[EndTime "8:13:26 PDT"]
[Termination "maximnovik won by resignation"]

1. e4 e5 2. Nf3 Nf6 3. Nxe5 d6 4. Nf3 Nxe4 5. d3 Nf6 6. d4 d5 7. Bd3 Bg4 8. h3 Bh5 9. O-O Be7 10. c4 Nc6 11. g4 Bg6 12. c5 Qd7 13. Bb5 a6 14. Ne5 Qe6 15. Bxc6+ bxc6 16. Re1 Ne4 17. f3 f6 18. Nd3 1-0

[Event "Early-Titled-Tuesday-Blitz-June-18-2024"]
[Site "Chess.com"]
[Date "2024.06.18"]
[Round "2"]
[White "UnTucopalaTimba"]
[Black "Attacker_2006"]
[Result "0-1"]
[WhiteElo "2094"]
[BlackElo "2462"]
[TimeControl "180+1"]
[EndTime "8:13:26 PDT"]
[Termination "Attacker_2006 won by resignation"]

1. e4 e6 2. d4 d5 3. Nd2 h6 4. c3 Nf6 5. e5 Ne4 6. Nxe4 dxe4 7.
Ne2 c5 8. Ng3 Nc6 9. Bb5 cxd4 10. cxd4 Qa5+ 11. Bd2 Qxb5 12. Bc3 Nb4 0-1

[Event "Early-Titled-Tuesday-Blitz-June-18-2024"]
[Site "Chess.com"]
[Date "2024.06.18"]
[Round "2"]
[White "Javokhir_Sindarov05"]
[Black "Meri-Arabidze"]
[Result "1-0"]
[WhiteElo "3056"]
[BlackElo "2663"]
[TimeControl "180+1"]
[EndTime "8:13:46 PDT"]
[Termination "Javokhir_Sindarov05 won by resignation"]

1. e4 c5 2. Nf3 e6 3. c3 Nf6 4. e5 Nd5 5. a3 d6 6. d4 cxd4 7. c4 Ne7 8. exd6 Nf5 9. c5 b6 10. g4 bxc5 11. gxf5 exf5 12. Bb5+ Bd7 13. Qe2+ Be7 14. Bxd7+ Qxd7 15. Qxe7+ Qxe7+ 16. dxe7 Kxe7 17. Nbd2 Nc6 18. Nc4 f6 19. h4 Rhe8 20. Bf4 Rad8 21. O-O-O g6 22. Rhe1+ Kf8 23. Bd6+ Kg7 24. Rxe8 Rxe8 25.
Bxc5 Rc8 26. b4 1-0

[Event "Early-Titled-Tuesday-Blitz-June-18-2024"]
[Site "Chess.com"]
[Date "2024.06.18"]
[Round "2"]
[White "ozates"]
[Black "Angry_Twin"]
[Result "0-1"]
[WhiteElo "2624"]
[BlackElo "2915"]
[TimeControl "180+1"]
[EndTime "8:14:10 PDT"]
[Termination "Angry_Twin won by resignation"]

1. e4 c5 2. Nf3 d6 3. d4 cxd4 4. Nxd4 Nf6 5. Nc3 a6 6. g3 e5 7.
Nde2 Be7 8. Bg2 b5 9. O-O Nbd7 10. a4 b4 11. Nd5 Bb7 12. a5 Bxd5 13. exd5 O-O 14.
c4 Nc5 15. b3 Nfd7 16. Bd2 Rb8 17. Nc1 Bg5 18. h4 Bxd2 19. Qxd2 f5 20. Re1 e4 21.
f3 Ne5 22. fxe4 fxe4 23. Bxe4 Nxe4 0-1

[Event "Early-Titled-Tuesday-Blitz-June-18-2024"]
[Site "Chess.com"]
[Date "2024.06.18"]
[Round "2"]
[White "Losingexperience"]
[Black "JG-17"]
[Result "1-0"]
[WhiteElo "2768"]
[BlackElo "2514"]
[TimeControl "180+1"]
[EndTime "8:14:15 PDT"]
[Termination "Losingexperience won by resignation"]

1. e4 c5 2. Nf3 d6 3. d4 cxd4 4. Qxd4 a6 5. c4 Nf6 6. h3 Nc6 7. Qe3 g6 8. Be2 Bg7 9. O-O O-O 10. Nc3 b6 11. Rd1 Qc7 12. Rb1 Bb7 13. b3 Rac8 14.
Bb2 Rfe8 15. Rbc1 Nd7 16. Nd5 Qd8 17. Bxg7 Kxg7 18. Rd2 Nce5 19. Nxe5 dxe5 20. Rcd1 Bxd5 21. Rxd5 Rc7 22. Qd2 1-0

[Event "Early-Titled-Tuesday-Blitz-June-18-2024"]
[Site "Chess.com"]
[Date "2024.06.18"]
[Round "2"]
[White "dosto07"]
[Black "carloseduar100"]
[Result "1-0"]
[WhiteElo "2608"]
[BlackElo "2257"]
[TimeControl "180+1"]
[EndTime "8:14:22 PDT"]
[Termination "dosto07 won by resignation"]

1. e4 e6 2. d4 d5 3. Nd2 c5 4.
exd5 Qxd5 5. Ngf3 cxd4 6. Bc4 Qd7 7. O-O Nc6 8. Nb3 Nf6 9. Nbxd4 Nxd4 10. Nxd4 a6 11.
Bb3 Bd6 12. Re1 Qc7 13. h3 O-O 14. Bg5 h6 15. Bxf6 gxf6 16. Qh5 Kh7 17. Rad1 Rg8 18. c3 Bd7 19. Qxf7+ Rg7 20. Qxf6 Rf8 21. Bc2+ Kg8 22. Qxh6 Bf4 23. Qh5 e5 24. Bb3+ 1-0